 Dungeon Crawl Stone Soup version 0.31-a0-459-gc8a9bf3d51 (webtiles) character file.

Game seed: 15008758026285431865

371 GordonOverkill the Sneak (level 6, 0/42 HPs)
             Began as an Octopode Delver on Aug 4, 2023.
             Slain by an ogre
             ... wielding a +0 giant spiked club
              (18 damage)
             ... on level 5 of the Dungeon.
             The game lasted 00:08:54 (3869 turns).

GordonOverkill the Sneak (Octopode Delver)          Turns: 3869, Time: 00:08:54

Health: 0/42       AC:  5    Str: 12    XL:     6   Next: 71%
Magic:  6/6        EV: 18    Int: 20    God:
Gold:   115        SH:  0    Dex: 16    Spells: 5/5 levels left

rFire   . . .        a - +0 short sword
rCold   . . .        (no shield)
rNeg    . . .        (helmet restricted)
rPois   .            (no amulet)
rElec   .            l - ring of resist corrosion
rCorr   +            u - +6 ring of intelligence
SInv    .            e - ring of Uqihul {EV+5 Dex+3}
Will    .....        z - +4 ring of protection
Stlth   ++++         (no ring)
HPRegen 0.27/turn    (no ring)
MPRegen 0.10/turn    (no ring)
                     (no ring)

%: no passive effects
@: no status effects
A: almost no armour, amphibious, 8 rings, camouflage 1, gelatinous body 1,
(nimble swimmer 1), tentacles
a: no special abilities


You were on level 5 of the Dungeon.
You visited 1 branch of the dungeon, and saw 6 of its levels.

You collected 264 gold pieces.
You spent 149 gold pieces at shops.

Inventory:

Hand Weapons
 a - a +0 short sword (weapon)
Jewellery
 e - the ring of Uqihul (on tentacle) {EV+5 Dex+3}
   (You found it on level 3 of the Dungeon)

   [ring of evasion]

   EV:        It affects your evasion (+5).
   Dex:       It affects your dexterity (+3).
 l - a ring of resist corrosion (left tentacle)
 u - a +6 ring of intelligence (right tentacle)
 z - a +4 ring of protection (on tentacle)
Wands
 f - a wand of digging (3)
 o - a wand of flame (11)
 x - a wand of charming (4)
Scrolls
 b - a scroll of fog
 c - a scroll of revelation
 g - a scroll of enchant armour
 h - 3 scrolls of vulnerability {unknown}
 i - 2 scrolls of immolation {unknown}
 k - a scroll of silence {unknown}
 m - 2 scrolls of fear
 q - 2 scrolls of blinking
 r - 2 scrolls of teleportation {unknown}
 s - a scroll of brand weapon {unknown}
 w - a scroll of poison {unknown}
 y - a scroll of torment {unknown}
Potions
 d - 4 potions of heal wounds
 j - 2 potions of enlightenment
 n - 4 potions of curing
 p - a potion of resistance
 t - a potion of brilliance
 v - a potion of haste
 B - a potion of mutation


   Skills:
 - Level 3.0 Fighting
 - Level 6.0 Short Blades
 - Level 2.0 Dodging
 - Level 6.6 Stealth
 + Level 3.5 Evocations


You had 5 spell levels left.
You didn't know any spells.
Your spell library contained the following spells:

 Spells                   Type           Power      Damage    Failure   Level
 Sublimation of Blood     Necr           0%         N/A       28%         2
 Wereblood                Tmut           0%         N/A       28%         2
 Summon Hydra             Summ           0%         N/A       100%        7


Dungeon Overview and Level Annotations

Branches:
Dungeon (6/15)
 Temple: D:4-7

Altars:
Cheibriados
Hepliaklqana
Nemelex Xobeh
Ru
The Shining One

Shops:
D:1 ?   D:3 !

Annotations:
D:2 1 runed translucent door, Crazy Yiuf


Innate Abilities, Weirdness & Mutations

You cannot wear most types of armour.
You are amphibious.
You can wear up to eight rings at the same time.
Your skin changes colour to match your surroundings (Stealth+).
Your rubbery body absorbs attacks. (AC +1, EV +1)
((You are camouflaged when in or above water. (Stealth+)))
You have tentacles for arms and can constrict up to eight enemies at once.


Message History

You constrict the scorpion, but do no damage.
You hit the scorpion but do no damage. You squeeze the scorpion.
You kill the scorpion!
Your Evocations skill increases to level 3!
Found a sparkling altar of Nemelex Xobeh.
You start resting.
HP restored.
As you read the scroll of identify, it crumbles to dust.
B - a potion of mutation
There is a stone staircase leading down here.
You now have enough gold to buy a scroll of blinking on D:1, buy a scroll of revelation on D:1, buy a potion of invisibility on D:3, or buy 2 potions of might on D:3.
You can access your shopping list by pressing '$'.
You now have 115 gold pieces (gained 19).
Okay, then.
You open the door.
An ogre comes into view. It is wielding a +0 giant spiked club.
Okay, then.
The ogre shouts!
The ogre closely misses you.
Okay, then.
Unknown command.
Unknown command.
You hit the ogre.
The ogre is lightly wounded.
You hit the ogre.
The ogre is moderately wounded.
The ogre barely misses you.
You hit the ogre. You squeeze the ogre!
The ogre is severely wounded.
You hit the ogre.
The ogre is almost dead.
The ogre hits you with a +0 giant spiked club!!
Ouch! That really hurt!
* * * LOW HITPOINT WARNING * * *
You hit the ogre.
The ogre is almost dead.
You closely miss the ogre.
The ogre is almost dead.
The ogre hits you with a +0 giant spiked club!!
You die...

##+## ##...## #
##.....## .#
##.<.....## ..###
#.........####.....#
+.........'.@O.....#
#....>......##.....#
##........#.# ....#
##.....#+#.# ...#
##....._+.# ###
#....#.### #.......#
......... #........#


You could see an ogre.

Vanquished Creatures
  2 scorpions
  A jelly (D:5)
  A hound (D:4)
  An iguana (D:5)
  3 gnolls (D:4)
  4 adders
  A worm (D:3)
  3 dart slugs
  An orc (D:3)
  7 bats
  9 endoplasms
  2 giant cockroaches
  7 goblins
  5 hobgoblins
  7 jackals
  3 kobolds
  5 quokkas
  8 ball pythons
  7 frilled lizards
  10 rats
87 creatures vanquished.

Notes
Turn   | Place    | Note
-------+----------+-------------------------------------------
     0 | D:5      | GordonOverkill the Octopode Delver began the quest for the
                  | Orb.
     0 | D:5      | Reached XP level 1. HP: 16/16 MP: 1/1
    19 | D:6      | Noticed an iguana
    25 | D:5      | Killed an iguana
    26 | D:5      | Reached XP level 2. HP: 10/21 MP: 2/2
    26 | D:5      | Reached XP level 3. HP: 12/26 MP: 3/3
   150 | D:6      | Noticed a scorpion
   154 | D:6      | Noticed an ogre
   163 | D:5      | Noticed a scorpion
   512 | D:4      | Noticed a scorpion
   559 | D:3      | Reached XP level 4. HP: 31/31 MP: 4/4
   561 | D:3      | Found Tarib's Distillery.
  1145 | D:2      | Found a snail-covered altar of Cheibriados.
  1258 | D:2      | Found a runed translucent door.
  1259 | D:2      | Noticed Crazy Yiuf
  2144 | D:1      | Found Qelir's Magic Scroll Shop.
  2160 | D:1      | Reached skill level 5 in Short Blades
  2163 | D:1      | Bought a scroll of blinking for 97 gold pieces
  2163 | D:1      | Bought a scroll of identify for 26 gold pieces
  2163 | D:1      | Bought a scroll of identify for 26 gold pieces
  2474 | D:1      | Reached XP level 5. HP: 36/36 MP: 5/5
  2657 | D:3      | Found a glowing golden altar of the Shining One.
  3004 | D:3      | Found a hazy altar of Hepliaklqana.
  3034 | D:3      | Identified the ring of Uqihul {EV+5 Dex+3}
  3091 | D:3      | Found a faded altar of an unknown god.
  3368 | D:4      | Reached XP level 6. HP: 32/42 MP: 6/6
  3469 | D:4      | Reached skill level 1 in Evocations
  3481 | D:4      | Found a sacrificial altar of Ru.
  3837 | D:5      | Found a sparkling altar of Nemelex Xobeh.
  3869 | D:5      | Slain by an ogre

Illustrated notes

Levels and vault maps discovered:
D:1:      dpeg_arrival_ratfight, layout_loops_ring, serial_shops, shop
D:2:      layout_loops_ring, basic_altar, corexii_leaking_fountain, st_stairs_5,
          uniq_crazy_yiuf_cottage
D:3:      layout_loops_ring, general_overflow_altar,
          mainiacjoe_overflow_small_starburst,
          ebering_ecumenical_altar_petrified, serial_shops, shop
D:4:      layout_basic, nicolae_overflow_hidden_temple
D:5:      layout_loops_corners, kennysheep_mini, serial_shops,
          nicolae_shop_stone, nicolae_shop_overgrown_old_shop, shop, shop,
          nicolae_shop_just_a_little_nook
D:6:      layout_rooms, mainiacjoe_overflow_swirl, st_stairs_7,
          kennysheep_opposing_triangles

Skill      XL: |  1  2  3  4  5  6 |
---------------+-------------------+-----
Short Blades   | 3 4 5 6 |  6.0
Evocations     | 3 |  3.5
Fighting       | |  3.0
Dodging        | |  2.0
Stealth        | |  6.6

Action                     |  1- 3 |  4- 6 || total
---------------------------+-------+-------++-------
  Melee: Short sword       |    13 |   172 ||   185
         Tentacles         |     6 |    26 ||    32
         Constrict         |     3 |    27 ||    30
         Punch             |     1 |     4 ||     5
  Evoke: Wand              |       |     3 ||     3
    Use: Scroll            |     1 |     8 ||     9
   Stab: Sleeping          |     1 |    34 ||    35
 Armour: Skin              |       |     7 ||     7
  Dodge: Dodged            |     8 |    78 ||    86

Table legend: (Time is in decaauts)
 A = Elapsed time spent in this place.
 B = Non-inter-level travel time spent in this place.
 C = Inter-level travel time spent in this place.
 D = Time resting spent in this place.
 E = Time spent auto-exploring this place.
 F = Levels seen in this place.
 G = Mean time per level.
                   A        B        C        D        E       F      G
               +--------+--------+--------+--------+--------+-----+--------+
         Total |   3823 |   3621 |    202 |    651 |   2080 |   6 |  637.2 |
       Dungeon |   3823 |   3621 |    202 |    651 |   2080 |   6 |  637.2 |
               +--------+--------+--------+--------+--------+-----+--------+

Top non-repeatable levels by time:
     D:2: 1241 daAuts
     D:4: 908 daAuts
     D:1: 769 daAuts
     D:3: 694 daAuts
     D:5: 192 daAuts
     D:6: 17 daAuts
